 Dungeon Crawl Stone Soup version 0.26.0-18-gc5c842f807 (webtiles) character file.

Game seed: 16845143258657540519

22 thiole the Magician (level 2, -2/17 HPs)
             Began as an Octopode Hedge Wizard on Jan 23, 2021.
             Slain by an orc
             ... wielding a +1 hand axe of holy wrath
              (3 damage)
             ... on level 2 of the Dungeon.
             The game lasted 00:01:31 (970 turns).

thiole the Magician (Octopode Hedge Wizard)          Turns: 970, Time: 00:01:32

Health: -2/17      AC:  1    Str:  9    XL:     2   Next: 91%
Magic:  6/6        EV: 13    Int: 16    God:
Gold:   65         SH:  0    Dex: 11    Spells: 6/7 levels left

rFire    . . .     SeeInvis .   a - +0 dagger
rCold    . . .     Faith    .   (no shield)
rNeg     . . .     Spirit   .   b - +0 hat
rPois    .         Reflect  .   (no amulet)
rElec    .         Harm     .   (no ring)
rCorr    .         Rampage  .   (no ring)
Will     .....                  (no ring)
Stlth    +++.......             (no ring)
HPRegen  0.05/turn              (no ring)
MPRegen  0.10/turn              (no ring)
                                (no ring)
                                (no ring)

@: no status effects
A: almost no armour, stealthy swim, amphibious, 8 rings, constrict 8, camouflage
1, gelatinous body 1
a: no special abilities


You were on level 2 of the Dungeon.
You visited 1 branch of the dungeon, and saw 2 of its levels.

You collected 65 gold pieces.

Inventory:

Hand Weapons
 a - a +0 dagger (weapon)
Armour
 b - a +0 hat (worn)
Jewellery
 i - an uncursed ring of flight {unknown}
Scrolls
 e - 2 scrolls of identify {unknown}
 f - 2 scrolls of remove curse {unknown}
 h - a scroll of random uselessness {unknown}
Potions
 c - a potion of lignification {unknown}
 d - a potion of attraction {unknown}
 g - a potion of magic {unknown}
 j - a potion of brilliance {unknown}


   Skills:
 - Level 2.0 Dodging
 + Level 3.0 Stealth
 + Level 3.1 Spellcasting
 * Level 1.7 Conjurations
 * Level 1.6 Summonings
 - Level 1.0 Translocations


You had 6 spell levels left.
You knew the following spells:

 Your Spells              Type           Power        Failure   Level
a - Magic Dart            Conj           32%          9%          1

Your spell library contained the following spells:

 Spells                   Type           Power        Failure   Level
 Call Imp                 Summ           7%           14%         2
 Blink                    Tloc           N/A          19%         2
 Slow                     Hex            2%           28%         2
 Conjure Flame            Conj/Fire      5%           36%         3
 Mephitic Cloud           Conj/Pois/Air  4%           41%         3


Dungeon Overview and Level Annotations

Branches:
Dungeon (2/15)

Altars:


Innate Abilities, Weirdness & Mutations

You cannot wear most types of armour.
You are very stealthy in the water. (Stealth+)
You are amphibious.
You can wear up to eight rings at the same time.
You can use your tentacles to constrict eight enemies at once.
Your skin changes colour to match your surroundings (Stealth+).
Your rubbery body absorbs attacks. (AC +1, EV +1)


Message History

An orc is wielding a +1 hand axe of holy wrath.
Found 16 arrows and 10 gold pieces.
Found a stone staircase leading down.
There is a stone staircase leading up here.
You climb upwards.
There is a stone staircase leading down here.
There is a stone staircase leading down here.
You can't go up here!
You climb downwards.
An orc warrior and an orc priest come into view.
The orc warrior shouts!
The orc shouts!
The orc priest shouts!
The orc priest barely misses you. The orc hits you with a +0 short sword.
Found a scroll labelled TYHAOF JAIJE.
Found a stone staircase leading up.
There is a stone staircase leading up here.
The orc hits you with a +0 short sword.
The orc warrior hits you with a +0 hand axe.
* * * LOW HITPOINT WARNING * * *
The orc priest hits you with a cursed -1 hand axe.
* * * LOW HITPOINT WARNING * * *
The orc hits you with a +1 hand axe of holy wrath.
You die...

... .. # .. #. .#
#.### ..#
...##..#...
###oo....... ###
#..o@#> ...
#.##.o.....#
#K##.r.r........
#(..............
#..<............
...........$........
.....#..........<...
.... ...............
... #..#...#...


You could see an orc warrior, an orc priest, 2 orcs and a rat.

Vanquished Creatures
  3 dart slugs (D:1)
  A ball python (D:1)
  4 hobgoblins (D:1)
  3 bats (D:1)
  A frilled lizard (D:1)
  2 kobolds (D:1)
  4 rats (D:1)
18 creatures vanquished.

Notes
Turn   | Place    | Note
-------+----------+-------------------------------------------
     0 | D:1      | thiole the Octopode Hedge Wizard began the quest for the
                  | Orb.
     0 | D:1      | Reached XP level 1. HP: 11/11 MP: 4/4
    87 | D:1      | Reached XP level 2. HP: 10/17 MP: 1/6
   969 | D:2      | Noticed an orc warrior
   970 | D:2      | Slain by an orc

Illustrated notes

Levels and vault maps discovered:
D:1:      lightli_arrival_maybe_door_vault, layout_rooms
D:2:      layout_rooms, uniq_natasha

Skill      XL: |  1  2 |
---------------+-------+-----
Stealth        | 3 |  3.0
Dodging        | |  2.0
Spellcasting   | |  3.1
Conjurations   | |  1.7
Summonings     | |  1.6
Translocations | |  1.0

Action                   || total
-------------------------++-------
Melee: Dagger            ||    24
       Constrict         ||     9
       Tentacles         ||     3
 Cast: Magic Dart        ||    34
Armor: Skin              ||     2
Dodge: Dodged            ||    13
